Map: Divergence LE

Players

Darck - Winner!

  • Race: Zerg Zerg
  • League: Diamond
  • Spawn Location: 11:00

DarkSoul - Winner!

  • Race: Terran Terran
  • Spawn Location: 11:00

Throwfordays

  • Race: Protoss Protoss
  • League: Silver
  • Spawn Location: 5:00

Faust

  • Race: Zerg Zerg
  • League: Diamond
  • Spawn Location: 5:00

VOD

Have the link to the VOD?

Description

Time

  • Played on: July 22, 2020, 12:54 a.m.
  • Length: 16:13
Show
View Real Time Build Order
Export as new Build Order

Darck Zerg - Winner!

Build Orders: Hatch First 

Get SALT Encoding   

  12  0:03  Drone  
  13  0:19  Overlord  
  13  0:20  Drone  
  14  0:45  Drone  
  14  0:49  Drone  
  16  0:53  Drone  
  16  0:55  Hatchery  
  16  1:02  Drone  
  17  1:11  Drone  
  17  1:15  Extractor  
  17  1:22  Spawning Pool, Drone  
  17  1:30  Drone  
  18  1:40  Overlord  
  18  1:52  Drone  
  19  2:05  Drone  
  19  2:08  Drone  
  21  2:09  Queen  
  21  2:10  Queen  
  21  2:15  Zergling x2  
  26  2:18  Metabolic Boost, Drone  
  27  2:23  Drone  
  28  2:33  Zergling x4  
  30  2:40  Zergling x2  
  31  2:45  Drone  
  31  2:50  Drone  
  33  3:00  Drone  
  33  3:01  Drone  
  33  3:13  Zergling x4  
  33  3:15  Hatchery  
  33  3:18  Drone  
  35  3:21  Lair  
  35  3:25  Zergling x2  
  36  3:37  Overlord x2  
  36  3:38  Overlord  
  36  3:57  Zergling x14  
  43  4:09  Zergling x2  
  45  4:10  Zergling x6  
  47  4:17  Zergling x4  
  47  4:23  Zergling x6  
  51  4:44  Zergling x14  
  57  4:46  Zergling x2  
  48  5:16  Zergling x18  
  54  5:29  Zergling x2  
  54  5:30  Zergling x4  
  54  5:35  Roach Warren  
  55  5:39  Drone x3  
  58  5:45  Queen  
  45  6:01  Zergling x12  
  45  6:02  Zergling x2  
  45  6:03  Zergling x4  
  45  6:14  Drone  
  45  6:15  Drone x5  
  50  6:19  Glial Reconstitution  
  50  6:21  Roach x2  
  54  6:27  Roach  
  56  6:34  Roach  
  56  6:36  Overlord x2  
  58  6:40  Extractor  
  57  6:50  Overlord x2  
  57  6:56  Roach x4  
  57  6:57  Roach x4  
  73  7:04  Drone  
  73  7:06  Overlord  
  73  7:07  Overlord  
  74  7:12  Roach  
  74  7:14  Drone x2  
  78  7:17  Drone x6  
  78  7:21  Roach x3  
  90  7:32  Roach  
  90  7:33  Roach x2  
  96  7:44  Roach  
  96  7:45  Roach x2  
  96  7:47  Roach x2  
  96  7:48  Overlord  
  96  7:49  Overlord x2  
  105  7:51  Drone  
  105  7:56  Overlord  
  105  7:57  Evolution Chamber, Overlord  
  105  8:07  Roach x4  
  105  8:08  Roach  
  105  8:09  Drone  
  105  8:10  Drone  
  117  8:13  Drone  
  110  8:37  Roach  
  110  8:38  Roach x8  
  128  8:43  Roach  
  128  8:44  Overlord x3  
  90  9:28  Roach  
  90  9:29  Roach x7  
  86  9:39  Drone x4  
  86  9:41  Extractor  
  86  9:42  Extractor  
  86  9:45  Drone x2  
  90  9:52  Zerg Missile Weapons Level 1  
  90  9:53  Drone x3, Hatchery  
  88  10:18  Drone x4  
  88  10:20  Extractor x2  
  90  10:21  Drone x3  
  90  10:23  Drone x3  
  96  10:33  Roach x3  
  102  10:36  Roach  
  102  10:37  Evolution Chamber, Roach  
  105  10:45  Roach x2  
  105  10:48  Roach  
  111  10:57  Spire  
  110  11:04  Zerg Ground Armor Level 1  
  110  11:05  Drone x3  
  110  11:06  Drone x6  
  110  11:07  Queen  
  110  11:08  Queen  
  123  11:12  Roach  
  87  11:34  Extractor  
  87  11:35  Extractor  
  85  11:43  Drone  
  85  11:44  Drone x8  
  92  11:48  Zerg Missile Weapons Level 2  
  92  11:53  Roach  
  94  11:54  Roach x11  
  94  11:57  Drone  
  94  11:58  Drone  
  110  12:02  Drone x2  
  110  12:07  Roach x2  
  116  12:14  Roach x2  
  120  12:17  Roach x5  
  120  12:18  Roach  
  120  12:19  Roach x3  
  120  12:20  Roach  
  140  12:25  Roach x4  
  148  12:31  Hatchery  
  148  12:35  Roach x3  
  148  12:36  Zerg Flyer Weapons Level 1  
  153  12:37  Mutalisk  
  153  12:42  Hatchery  
  153  12:43  Roach x3  
  160  12:47  Overlord x2  
  160  12:48  Overlord  
  160  12:55  Overlord  
  160  12:56  Overlord x2  
  160  13:14  Roach x5  
  160  13:15  Roach x11  
  172  13:37  Ravager x10  
  172  13:38  Ravager x3  
  151  14:07  Mutalisk x7  
  151  14:08  Mutalisk x2  
  158  14:26  Roach x6  
  158  14:27  Roach x8  
  183  14:34  Drone x4  
  183  14:35  Drone  
  183  14:36  Queen  
  178  14:42  Extractor x2  
  178  14:45  Mutalisk  
  172  14:47  Roach x4  
  172  14:48  Roach  
  179  15:14  Roach  
  179  15:15  Roach x9  
Show
View Real Time Build Order
Export as new Build Order

DarkSoul Terran - Winner!

Build Orders:  

Get SALT Encoding   

  12  0:01  SCV  
  13  0:15  SCV  
  13  0:18  Supply Depot  
  14  0:31  Refinery  
  14  0:32  SCV  
  15  0:41  Barracks  
  15  0:44  SCV  
  16  0:56  SCV  
  17  1:08  SCV  
  18  1:21  SCV  
  19  1:30  Marine  
  20  1:33  SCV  
  20  1:39  Factory  
  22  2:01  Barracks Reactor  
  22  2:03  Orbital Command  
  22  2:05  Command Center  
  21  2:33  Refinery  
  21  2:37  Starport  
  21  2:45  Barracks Tech Lab  
  21  2:46  Hellion  
  21  2:49  Supply Depot  
  23  2:56  Supply Depot  
  23  3:11  Hellion  
  25  3:25  Hellion  
  27  3:32  Hellion  
  29  3:44  Stimpack  
  29  3:51  Orbital Command  
  27  4:24  Marine, Hellion x2  
  30  4:36  Command Center  
  30  4:37  Barracks  
  30  4:39  SCV x2, Barracks  
  30  4:45  Widow Mine  
  34  4:55  Medivac  
  36  5:00  SCV x2  
  36  5:02  Marine  
  39  5:12  SCV x2  
  35  5:19  Marine  
  36  5:24  SCV, Hellion x2  
  41  5:37  Barracks Reactor x2  
  41  5:43  Marine  
  41  5:46  Supply Depot  
  42  5:51  Orbital Command  
  42  5:52  SCV, Engineering Bay  
  42  5:53  SCV  
  42  5:55  Engineering Bay  
  44  6:01  Marine  
  40  6:16  Marine x4  
  44  6:19  Marine  
  43  6:33  Marine  
  43  6:34  Marine x3  
  48  6:40  Combat Shield  
  48  6:42  Marauder  
  48  6:44  Starport Reactor  
  49  6:51  Marine x3  
  49  6:52  Marine  
  49  6:53  SCV x2  
  49  6:54  Factory Tech Lab  
  55  6:55  Barracks  
  55  6:56  Barracks  
  55  7:02  Refinery  
  55  7:03  Refinery  
  55  7:04  Marauder  
  57  7:09  Marine x4  
  61  7:20  SCV x2  
  63  7:25  Marine  
  63  7:27  Marine x4, Siege Tank  
  71  7:35  Orbital Command  
  71  7:42  Marine  
  71  7:43  Terran Infantry Weapons Level 1  
  72  7:45  Marine x2  
  74  7:54  Orbital Command  
  74  7:55  Marine x2  
  74  7:58  Barracks Reactor  
  77  7:59  Supply Depot  
  77  8:00  Barracks Reactor, Marine  
  77  8:02  Supply Depot  
  77  8:06  Marine  
  78  8:40  Marine  
  78  8:41  Marine x8  
  84  8:43  Siege Tank  
  91  8:48  SCV x3  
  92  8:58  Marine x3  
  92  8:59  Marine x6  
  92  9:00  SCV  
  93  9:15  Siege Tank  
  93  9:16  Marine x5  
  101  9:21  Marine x3  
  101  9:23  Marine  
  90  9:34  Marine x5  
  86  9:39  Marine x2  
  86  9:41  Marine  
  80  9:51  Marine x2  
  80  9:52  Marine x4  
  78  9:57  Marine  
  78  9:58  Marine  
  74  10:03  Marine  
  68  10:08  Marine  
  68  10:09  Marine  
  68  10:10  Marine, SCV x3  
  72  10:15  Marine x4  
  72  10:16  Marine  
  77  10:21  Marine  
  77  10:22  Terran Infantry Armor Level 1, SCV x3  
  77  10:23  Armory  
  77  10:26  Marine  
  77  10:27  Marine x2, Siege Tank  
  77  10:28  Barracks  
  87  10:29  Barracks  
  87  10:30  Refinery  
  87  10:31  Refinery  
  87  10:32  Factory  
  87  10:33  Marine x2, Factory  
  86  10:59  Siege Tank  
  71  11:22  Marine  
  71  11:23  Marine x8  
  68  11:31  Siege Tank  
  58  11:40  Marine  
  58  11:41  Marine x8, Barracks Reactor  
  58  11:43  Barracks Reactor  
  58  11:44  Terran Infantry Weapons Level 2  
  58  11:46  Factory Tech Lab  
  67  11:47  Factory Tech Lab  
  67  11:49  Medivac x2  
  71  11:55  SCV x2  
  71  11:56  SCV  
  71  11:58  Marine x6  
  71  11:59  Marine x3  
  83  12:04  Siege Tank  
  83  12:07  SCV  
  83  12:08  SCV  
  88  12:16  Marine x4  
  88  12:19  Medivac x2  
  88  12:30  Command Center  
  88  12:36  Siege Tank  
  87  12:44  Marine x6  
  87  12:45  Marine x7  
  100  13:00  Medivac  
  100  13:02  Marine x4  
  100  13:03  Marine x3  
  100  13:04  Marine  
  100  13:05  Marine  
  101  13:07  Marine x2  
  101  13:08  Marine x2  
  98  13:13  Thor  
  98  13:19  Marine  
  99  13:20  Marine  
  101  13:41  Marine x3, Thor x2  
  101  13:45  Marine  
  101  13:46  Marine x2  
  116  13:59  Marine  
  116  14:04  Marine x4  
  116  14:19  Marine x2  
  116  14:23  Orbital Command  
  116  14:29  Marine  
  116  14:30  Marine  
  116  14:31  Marine x2  
  116  14:32  Marine  
  116  14:33  Marine  
  116  14:35  Marine  
  116  14:36  Marine x2  
  116  14:38  Marine x3  
  116  14:39  Marine  
  116  14:41  Siege Tank  
  116  14:43  Siege Tank  
  116  14:45  Siege Tank  
  116  14:47  Marine  
  116  14:48  Marine  
  116  14:49  Marine x2  
  116  14:50  Marine  
  116  14:51  Marine  
  116  14:58  Marine  
  116  14:59  Marine  
  116  15:01  Marine  
  116  15:02  Marine  
  116  15:03  Marine  
  116  15:05  Marine x3  
  116  15:07  Marine  
  116  15:10  Marine  
  116  15:13  Marine  
  116  15:14  Marine  
  115  15:15  Marine  
  115  15:16  Marine  
  115  15:17  Marine  
  115  15:19  Marine  
  115  15:20  Marine  
  115  15:21  Marine  
  115  15:28  Marine x5  
  102  15:31  Marine x2  
  102  15:32  Marine  
  102  15:34  Marine  
  102  15:35  Marine  
  107  15:36  Marine  
  107  15:37  Marine  
  107  15:38  Marine  
  110  15:46  Marine x5  
  110  15:48  Marine  
Show
View Real Time Build Order
Export as new Build Order

Throwfordays Protoss 

Build Orders: Blink Stalkers 

Get SALT Encoding   

  12  0:01  Probe  
  13  0:20  Probe  
  14  0:21  Pylon  
  14  0:32  Probe  
  15  0:45  Gateway, Probe  
  16  0:51  Assimilator  
  16  0:56  Pylon  
  16  0:57  Probe  
  17  1:09  Probe  
  18  1:19  Assimilator, Probe  
  19  1:27  Probe  
  20  1:34  Cybernetics Core  
  20  1:35  Probe  
  21  1:47  Probe  
  21  1:52  Warp Gate  
  22  1:59  Probe  
  23  2:05  Nexus  
  23  2:09  Pylon  
  23  2:21  Adept  
  25  2:29  Twilight Council  
  25  2:37  Probe  
  26  2:49  Probe  
  27  2:51  Adept  
  27  2:55  Gateway  
  29  3:01  Probe  
  30  3:13  Probe  
  30  3:17  Probe  
  32  3:24  Blink  
  32  3:25  Probe  
  33  3:29  Probe  
  34  3:36  Forge  
  34  3:37  Probe  
  35  3:42  Stalker, Probe  
  38  3:49  Probe  
  38  3:52  Stalker  
  38  3:54  Probe  
  42  4:08  Probe  
  43  4:11  Assimilator  
  43  4:17  Assimilator  
  43  4:20  Photon Cannon, Probe x2  
  43  4:23  Photon Cannon  
  45  4:27  Protoss Ground Weapons Level 1  
  45  4:32  Probe x2  
  47  4:40  Adept  
  47  4:41  Adept  
  42  4:55  Probe  
  43  5:04  Probe  
  43  5:09  Probe  
  43  5:13  Probe  
  45  5:19  Adept x2  
  45  5:21  Probe  
  48  5:25  Probe  
  44  5:31  Probe  
  45  5:37  Probe  
  45  5:39  Probe  
  46  5:47  Probe  
  46  5:49  Adept  
  49  5:50  Adept  
  49  5:56  Pylon  
  52  5:59  Pylon  
  48  6:14  Adept x2  
  48  6:17  Resonating Glaives  
  52  6:18  Probe  
  53  6:26  Photon Cannon, Probe  
  53  6:28  Photon Cannon  
  53  6:31  Photon Cannon  
  54  6:35  Photon Cannon  
  54  6:36  Probe  
  54  6:39  Photon Cannon, Probe  
  56  6:44  Pylon  
  56  6:47  Gateway  
  56  6:48  Gateway  
  56  6:51  Templar Archives, Probe  
  56  6:53  Gateway  
  57  6:55  Stalker x2  
  61  7:10  Probe  
  61  7:12  Photon Cannon  
  62  7:15  Photon Cannon  
  62  7:32  Psionic Storm  
  62  7:37  Nexus  
  62  7:40  Assimilator  
  62  7:44  Assimilator  
  62  7:47  Pylon  
  62  7:51  Pylon  
  62  8:01  Robotics Facility  
  62  8:07  High Templar  
  62  8:08  High Templar x3  
  62  8:09  High Templar  
  72  8:17  Probe  
  73  8:25  Probe  
  73  8:26  Charge  
  74  8:29  Probe  
  75  8:37  Probe  
  76  8:41  Probe  
  77  8:49  Probe  
  78  9:01  Probe  
  79  9:05  Archon  
  78  9:12  Archon  
  78  9:13  Probe  
  79  9:18  Stalker x4  
  79  9:19  Stalker  
  75  9:34  Pylon  
  72  9:44  Probe  
  64  9:52  Photon Cannon, Probe  
  65  9:55  Photon Cannon  
  65  9:57  Photon Cannon  
  65  10:02  Adept x3, Probe  
  71  10:26  Probe  
  72  10:31  High Templar x3, Probe  
  72  10:32  High Templar x2  
  83  10:38  Probe  
  83  10:39  Photon Cannon  
  83  10:40  Probe  
  84  10:43  Photon Cannon  
  84  10:46  Photon Cannon  
  84  10:49  Probe  
  85  10:50  Probe  
  87  11:01  Probe  
  87  11:02  Probe  
  89  11:04  Zealot x2  
  89  11:05  Zealot x3  
  99  11:13  Probe  
  79  11:42  Probe  
  79  11:45  Pylon  
  76  11:54  Zealot x3, Probe  
  76  11:55  Zealot x2  
  87  12:03  Probe  
  87  12:05  Probe  
  87  12:06  Probe  
  90  12:15  Pylon  
  90  12:18  Zealot  
  90  12:19  Zealot x4  
  100  12:28  Photon Cannon  
  100  12:30  Photon Cannon  
  100  12:34  Photon Cannon  
  100  12:53  High Templar x3  
  100  12:54  High Templar x2  
  106  13:33  Stalker x3  
  106  13:34  Stalker x2  
  65  13:55  Immortal  
  61  14:04  Gateway  
  61  14:05  Gateway  
  61  14:07  Gateway  
  61  14:09  Gateway  
  61  14:12  Gateway  
  61  14:13  Gateway  
  61  14:16  Gateway  
  61  14:18  Gateway, Zealot  
  61  14:19  Zealot x2  
  67  14:30  Pylon  
  67  14:34  Cybernetics Core  
  67  14:40  Zealot x3  
  73  14:50  Immortal  
  77  14:59  Zealot x2  
  80  15:00  Zealot  
  80  15:06  Zealot x3  
  80  15:07  Zealot  
  72  15:26  Stalker x6  
  72  15:27  High Templar x2  
  72  15:28  High Templar x3  
  94  15:34  Robotics Bay  
  88  15:37  Robotics Facility  
  88  15:39  Robotics Facility  
  86  15:54  Stalker x3  
  86  15:55  Stalker x3  
Show
View Real Time Build Order
Export as new Build Order

Faust Zerg 

Build Orders: Hatch First, Lurkers 

Get SALT Encoding   

  12  0:00  Drone  
  13  0:11  Drone  
  13  0:13  Extractor  
  13  0:16  Drone  
  15  0:22  Overlord  
  15  0:41  Drone x2  
  17  0:53  Hatchery  
  16  0:57  Drone  
  17  1:12  Spawning Pool  
  17  1:17  Drone  
  17  1:22  Extractor, Drone  
  18  1:25  Drone  
  18  1:38  Overlord  
  19  1:40  Drone  
  19  1:59  Zergling x2  
  19  2:00  Queen  
  22  2:02  Zergling x2  
  22  2:08  Zergling x2  
  24  2:15  Queen  
  24  2:19  Zergling x2  
  24  2:20  Overlord  
  24  2:22  Metabolic Boost  
  27  2:42  Drone x4  
  31  2:53  Baneling Nest, Drone x2  
  31  2:55  Drone  
  33  3:00  Overlord  
  32  3:21  Drone x2  
  32  3:22  Drone x2  
  35  3:31  Zergling x4  
  35  3:32  Zergling x6  
  39  3:35  Zergling x2  
  39  3:45  Zergling x4  
  41  3:48  Lair  
  40  4:04  Drone  
  40  4:05  Drone x3  
  39  4:21  Zergling x12  
  44  4:27  Extractor, Roach Warren  
  44  4:28  Extractor  
  41  4:31  Baneling x2  
  41  4:32  Baneling  
  41  4:37  Extractor, Drone x2  
  42  4:45  Zergling x8  
  46  4:58  Queen  
  46  4:59  Drone x2  
  50  5:00  Drone  
  50  5:01  Overlord x2  
  50  5:23  Zergling x4  
  50  5:26  Roach  
  50  5:27  Roach x3  
  50  5:28  Glial Reconstitution  
  59  5:37  Zergling x6  
  62  5:47  Drone  
  62  5:49  Drone x3, Evolution Chamber  
  63  5:52  Drone  
  55  6:12  Baneling x2  
  55  6:13  Overseer  
  55  6:16  Spore Crawler  
  54  6:19  Spine Crawler  
  53  6:32  Zerg Melee Weapons Level 1  
  53  6:33  Drone  
  53  6:34  Drone x5  
  53  6:35  Drone x3  
  62  6:43  Drone x3  
  62  6:44  Drone x3  
  68  6:52  Evolution Chamber  
  66  7:13  Infestation Pit  
  66  7:14  Spire  
  64  7:16  Centrifical Hooks  
  64  7:17  Hatchery  
  64  7:18  Spore Crawler  
  62  7:26  Drone  
  62  7:27  Drone x4  
  62  7:29  Overlord x3  
  67  7:37  Zerg Missile Weapons Level 1  
  67  7:45  Baneling x3  
  67  7:52  Ravager  
  67  7:53  Ravager  
  67  7:54  Ravager  
  67  7:57  Ravager  
  71  8:01  Drone  
  71  8:02  Drone  
  73  8:06  Hive  
  73  8:15  Roach x2  
  73  8:16  Roach x3  
  83  8:22  Baneling x2  
  71  8:38  Roach x6  
  73  9:08  Roach  
  73  9:09  Roach x3  
  65  9:19  Roach  
  65  9:20  Roach x4  
  75  9:24  Zerg Ground Armor Level 1  
  75  9:38  Zerg Missile Weapons Level 2  
  75  9:41  Roach  
  75  9:42  Roach x2  
  75  9:57  Roach x5  
  79  10:12  Drone x3  
  79  10:13  Drone x2  
  84  10:21  Overlord x5  
  84  10:22  Overlord  
  84  10:24  Extractor  
  84  10:26  Extractor  
  82  10:36  Hydralisk Den  
  82  10:40  Burrow  
  82  10:42  Pneumatized Carapace  
  81  10:46  Drone x2  
  81  10:47  Drone x4  
  81  10:48  Drone x3  
  82  11:15  Ravager  
  82  11:16  Ravager x3  
  82  11:17  Ravager x2  
  88  11:20  Zergling x6  
  88  11:21  Zergling x2  
  88  11:22  Zergling x16  
  100  11:39  Queen  
  102  11:44  Tunneling Claws  
  99  12:01  Lurker Den  
  98  12:02  Zerg Missile Weapons Level 3  
  98  12:03  Zerg Melee Weapons Level 2  
  74  12:50  Hydralisk x6  
  74  12:51  Hydralisk x6  
  81  13:26  Hatchery x2  
  71  13:28  Extractor x3  
  71  13:29  Extractor  
  71  13:32  Lurker x4  
  71  13:33  Lurker  
  51  14:09  Roach  
  47  14:10  Roach x15  
  47  14:11  Roach x2  
  75  14:20  Zergling x6  
  62  14:42  Roach  
  62  14:43  Roach x8  
  75  14:48  Hydralisk  
  75  14:53  Drone x2, Roach x9  
  75  14:55  Drone  
  48  15:23  Hydralisk Den  
Tags
 
Add a new tag
Caveats
  • Supply blocks, unpowered buildings, or Contaminate may cause inaccurate times.
  • Supply counts are checked every 10 seconds.